PL
RICHARDSON CITY THUNDERCATS @ PANAMA CITY PIRANHAS
09/15/2026
 
TOP OF THE 1ST
Richardson City Thundercats batting - Pitching for Panama City Piranhas : RHP Luis Flores
Pitching: RHP Luis Flores
Batting: RHB Joey Jones 0-0: Ball
1-0: Called Strike
1-1: Swinging Strike
1-2: Ground out 1-3 (Groundball, 13S)
Batting: LHB Terrence Eler 0-0: Called Strike
0-1: Ball
1-1: Ground out 4-3 (Groundball, 4)
Batting: RHB Tomás Martínez 0-0: SINGLE (Groundball, 6D)
Batting: LHB Fernando Ramírez 0-0: Ball
1-0: Fly out, F8 (Flyball, 8LS)
Top of the 1st over - 0 run(s), 1 hit(s), 0 error(s), 1 left on base; Richardson City 0 - Panama City 0
BOTTOM OF THE 1ST
Panama City Piranhas batting - Pitching for Richardson City Thundercats : LHP Jesús Gonzáles
Pitching: LHP Jesús Gonzáles
Batting: RHB Tim Barnes 0-0: Ball
1-0: Called Strike
1-1: Fly out, F7 (Flyball, 7LS)
Batting: SHB Tsing Guao 0-0: Swinging Strike
0-1: Foul Ball, location: 2F
0-2: Strikes out looking
Batting: LHB Herman Hayes 0-0: Ball
1-0: Foul Ball, location: 2F
1-1: Foul Ball, location: 2F
1-2: Ball
2-2: Ball
3-2: Strikes out swinging passed ball, reaches first!
Batting: RHB Juan Jose Ayala 0-0: Called Strike
0-1: Ball
1-1: Foul Ball, location: 2F
1-2: Ball
2-2: Foul Ball, location: 2F
2-2: Fielders Choice at 2nd, 4-6 (Groundball, 4)
Bottom of the 1st over - 0 run(s), 0 hit(s), 0 error(s), 0 left on base; Richardson City 0 - Panama City 0
TOP OF THE 2ND
Richardson City Thundercats batting - Pitching for Panama City Piranhas : RHP Luis Flores
Batting: SHB Mitch Qualtrough 0-0: Swinging Strike
0-1: Ball
1-1: Ball
2-1: Called Strike
2-2: Strikes out swinging
Batting: RHB Juan Cabrera 0-0: Foul Ball, location: 2F
0-1: Called Strike
0-2: SINGLE (Line Drive, 9S)
Batting: LHB Eduardo Álvarez 0-0: Ball
1-0: Called Strike
1-1: Swinging Strike
1-2: Fly out, F8 (Flyball, 8RM)
Batting: LHB Carroll Martin 0-0: Ball
1-0: SINGLE (Groundball, 13) (infield hit)
Juan Cabrera to second
Batting: RHB Alden Wiley 0-0: Ball
1-0: Foul Ball, location: 2F
1-1: Swinging Strike
1-2: Ball
2-2: Strikes out swinging
Top of the 2nd over - 0 run(s), 2 hit(s), 0 error(s), 2 left on base; Richardson City 0 - Panama City 0
BOTTOM OF THE 2ND
Panama City Piranhas batting - Pitching for Richardson City Thundercats : LHP Jesús Gonzáles
Batting: RHB Baldomero Avino 0-0: Ball
1-0: Ball
2-0: Swinging Strike
2-1: Foul Ball, location: 2F
2-2: Ball
3-2: Base on Balls
Batting: LHB Robert Adams 0-0: Fly out, F4 (Line Drive, 34)
Batting: RHB Armando Alvarado 0-0: Grounds into double play, 6-4-3 (Groundball, 6)
Bottom of the 2nd over - 0 run(s), 0 hit(s), 0 error(s), 0 left on base; Richardson City 0 - Panama City 0
TOP OF THE 3RD
Richardson City Thundercats batting - Pitching for Panama City Piranhas : RHP Luis Flores
Batting: RHB Joey Jones 0-0: Swinging Strike
0-1: Ball
1-1: Ball
2-1: SINGLE (Line Drive, 4D)
Batting: LHB Terrence Eler 0-0: Called Strike
0-1: Ball
1-1: Ball
2-1: Called Strike
2-2: Reaches on Catchers interference
Joey Jones to second
Batting: RHB Tomás Martínez 0-0: 3-RUN HOME RUN (Flyball, 78XD), Distance : 387 ft
Batting: LHB Fernando Ramírez 0-0: Foul Ball, location: 2F
0-1: Ball
1-1: Ball
2-1: Foul Ball, location: 2F
2-2: Ball
3-2: Fly out, F4 (Popup, 34D)
Batting: SHB Mitch Qualtrough 0-0: Foul Ball, location: 2F
0-1: Ball
1-1: SINGLE (Groundball, 4D)
Batting: RHB Juan Cabrera 0-0: Ball
1-0: Called Strike
1-1: Foul Ball, location: 2F
1-2: Foul Ball, location: 2F
1-2: Ball
2-2: Grounds into double play, 5-4-3 (Groundball, 5)
Top of the 3rd over - 3 run(s), 3 hit(s), 1 error(s), 0 left on base; Richardson City 3 - Panama City 0
BOTTOM OF THE 3RD
Panama City Piranhas batting - Pitching for Richardson City Thundercats : LHP Jesús Gonzáles
Batting: LHB Sergio Muńóz 0-0: Foul Ball, location: 2F
0-1: Foul Ball, location: 2F
0-2: Ball
1-2: Strikes out swinging
Batting: SHB Marc Talamante 0-0: Ball
1-0: Ball
2-0: Called Strike
2-1: Ball
3-1: SINGLE (Groundball, 3D)
Batting: RHB Tim Barnes 0-0: Called Strike
0-1: Called Strike
0-2: Foul Ball, location: 2F
0-2: Ball
1-2: Ball
2-2: Reached on error, E6 (Groundball, 6)
Marc Talamante to second
Batting: SHB Tsing Guao 0-0: Ball
1-0: Ball
2-0: Grounds into double play, 6-4-3 (Groundball, 6)
Bottom of the 3rd over - 0 run(s), 1 hit(s), 1 error(s), 1 left on base; Richardson City 3 - Panama City 0
TOP OF THE 4TH
Richardson City Thundercats batting - Pitching for Panama City Piranhas : RHP Luis Flores
Batting: LHB Eduardo Álvarez 0-0: Called Strike
0-1: Foul Ball, location: 2F
0-2: Strikes out swinging
Batting: LHB Carroll Martin 0-0: Ground out 3-1 (Groundball, 34S)
Batting: RHB Alden Wiley 0-0: Ball
1-0: Swinging Strike
1-1: Swinging Strike
1-2: Ball
2-2: Ball
3-2: Ground out 1-3 (Groundball, 15)
Top of the 4th over - 0 run(s), 0 hit(s), 0 error(s), 0 left on base; Richardson City 3 - Panama City 0
BOTTOM OF THE 4TH
Panama City Piranhas batting - Pitching for Richardson City Thundercats : LHP Jesús Gonzáles
Batting: LHB Herman Hayes 0-0: Foul Ball, location: 2F
0-1: Ball
1-1: Foul Ball, location: 2F
1-2: Strikes out swinging
Batting: RHB Juan Jose Ayala 0-0: Ball
1-0: Ball
2-0: Ball
3-0: Base on Balls
Batting: RHB Baldomero Avino 0-0: Hit by Pitch
Juan Jose Ayala to second
Batting: LHB Robert Adams 0-0: Called Strike
0-1: Fly out, F7 (Flyball, 7)
Batting: RHB Armando Alvarado 0-0: Called Strike
0-1: Foul Ball, location: 2F
0-2: 3-RUN HOME RUN (Flyball, 78XD), Distance : 412 ft
Batting: LHB Sergio Muńóz 0-0: Ball
1-0: SOLO HOME RUN (Flyball, 8LXD), Distance : 428 ft
Batting: SHB Marc Talamante 0-0: Ground out 4-3 (Groundball, 4)
Bottom of the 4th over - 4 run(s), 2 hit(s), 0 error(s), 0 left on base; Richardson City 3 - Panama City 4
TOP OF THE 5TH
Richardson City Thundercats batting - Pitching for Panama City Piranhas : RHP Luis Flores
Batting: RHB Joey Jones 0-0: Ball
1-0: Ground out 6-3 (Groundball, 6)
Batting: LHB Terrence Eler 0-0: Fly out, F8 (Line Drive, 89M)
Batting: RHB Tomás Martínez 0-0: Swinging Strike
0-1: SINGLE (Flyball, 89S)
Batting: LHB Fernando Ramírez 0-0: Called Strike
0-1: Ball
1-1: Ball
2-1: Fly out, F7 (Flyball, 7LMF)
Top of the 5th over - 0 run(s), 1 hit(s), 0 error(s), 1 left on base; Richardson City 3 - Panama City 4
BOTTOM OF THE 5TH
Panama City Piranhas batting - Pitching for Richardson City Thundercats : LHP Jesús Gonzáles
Batting: RHB Tim Barnes 0-0: Ball
1-0: Ball
2-0: Ball
3-0: Called Strike
3-1: Foul Ball, location: 2F
3-2: Base on Balls
Batting: SHB Tsing Guao 0-0: Ball
1-0: Ball
2-0: Swinging Strike
2-1: Foul Ball, location: 2F
2-2: Fly out, F7 (Flyball, 78S)
Batting: LHB Herman Hayes 0-0: Called Strike
0-1: Ball
1-1: Ball
2-1: Ball
3-1: Foul Ball, location: 2F
3-2: Fly out, F7 (Line Drive, 7)
Batting: RHB Juan Jose Ayala 0-0: Fly out, F8 (Line Drive, 8LS)
Bottom of the 5th over - 0 run(s), 0 hit(s), 0 error(s), 1 left on base; Richardson City 3 - Panama City 4
TOP OF THE 6TH
Richardson City Thundercats batting - Pitching for Panama City Piranhas : RHP Luis Flores
Batting: SHB Mitch Qualtrough 0-0: Called Strike
0-1: Ball
1-1: Ground out 1-3 (Groundball, 13S)
Batting: RHB Juan Cabrera 0-0: Ball
1-0: Foul Ball, location: 2F
1-1: Reached on error, E6 (Groundball, 6)
Batting: LHB Eduardo Álvarez 0-0: Fielders Choice at 2nd, 4-6 (Groundball, 34)
Batting: LHB Carroll Martin 0-0: Fly out, F8 (Flyball, 8LM)
Top of the 6th over - 0 run(s), 0 hit(s), 1 error(s), 1 left on base; Richardson City 3 - Panama City 4
BOTTOM OF THE 6TH
Panama City Piranhas batting - Pitching for Richardson City Thundercats : LHP Jesús Gonzáles
Batting: RHB Baldomero Avino 0-0: Called Strike
0-1: Ball
1-1: Called Strike
1-2: Ball
2-2: Strikes out swinging, 2-3 out at first.
Batting: LHB Robert Adams 0-0: Ball
1-0: Ball
2-0: Called Strike
2-1: Fly out, F7 (Line Drive, 7)
Batting: RHB Armando Alvarado 0-0: Ball
1-0: Called Strike
1-1: Ball
2-1: Ball
3-1: Foul Ball, location: 2F
3-2: Foul Ball, location: 2F
3-2: Foul Ball, location: 2F
3-2: Foul Ball, location: 2F
3-2: Foul Ball, location: 2F
3-2: Strikes out swinging
Bottom of the 6th over - 0 run(s), 0 hit(s), 0 error(s), 0 left on base; Richardson City 3 - Panama City 4
TOP OF THE 7TH
Richardson City Thundercats batting - Pitching for Panama City Piranhas : RHP Luis Flores
Batting: RHB Alden Wiley 0-0: Fly out, F7 (Flyball, 7S)
Batting: RHB Joey Jones 0-0: Ball
1-0: Ball
2-0: Called Strike
2-1: Foul Ball, location: 2F
2-2: DOUBLE (Line Drive, 7LM)
Batting: LHB Terrence Eler 0-0: Foul Ball, location: 2F
0-1: Fly out, F8 (Line Drive, 8RXD)
Runner from 2nd tags up, SAFE at 3rd, no throw
Batting: RHB Tomás Martínez 0-0: Ball
1-0: Foul Ball, location: 2F
1-1: Fly out, F8 (Flyball, 8RS)
Top of the 7th over - 0 run(s), 1 hit(s), 0 error(s), 1 left on base; Richardson City 3 - Panama City 4
BOTTOM OF THE 7TH
Panama City Piranhas batting - Pitching for Richardson City Thundercats : LHP Jesús Gonzáles
Batting: LHB Sergio Muńóz 0-0: Foul Ball, location: 2F
0-1: SINGLE (Groundball, 34S) (infield hit)
Pitching: LHP Armando Gonzáles
Batting: SHB Marc Talamante 0-0: Ball
1-0: Fly out, F8 (Flyball, 8LXD)
Batting: RHB Tim Barnes 0-0: Called Strike
0-1: SINGLE (Groundball, 6MD)
Sergio Muńóz to second
Runner from 2nd tries for 3rd, SAFE, throw made to third
Batting: SHB Tsing Guao 0-0: Called Strike
0-1: Swinging Strike
0-2: Hit by Pitch
Tim Barnes to second
Batting: LHB Herman Hayes 0-0: Ball
1-0: Ball
2-0: Ball
3-0: Called Strike
3-1: Base on Balls
Sergio Muńóz scores
Tim Barnes to third
Tsing Guao to second
Batting: RHB Juan Jose Ayala 0-0: Called Strike
0-1: Ball
1-1: Ball
2-1: Foul Ball, location: 2F
2-2: SINGLE (Line Drive, 34D)
Tim Barnes scores
Tsing Guao to third
Herman Hayes to second
Batting: RHB Baldomero Avino 0-0: Called Strike
0-1: Ball
1-1: Foul Ball, location: 2F
1-2: Ball
2-2: Strikes out swinging
Batting: LHB Robert Adams 0-0: Called Strike
0-1: Ball
1-1: Foul Ball, location: 2F
1-2: Foul Ball, location: 2F
1-2: Strikes out swinging
Bottom of the 7th over - 2 run(s), 3 hit(s), 0 error(s), 3 left on base; Richardson City 3 - Panama City 6
TOP OF THE 8TH
Richardson City Thundercats batting - Pitching for Panama City Piranhas : RHP Luis Flores
Batting: LHB Fernando Ramírez 0-0: Ball
1-0: Ball
2-0: Ball
3-0: Base on Balls
Batting: SHB Mitch Qualtrough 0-0: Ball
1-0: Fly out, F7 (Flyball, 78S)
Batting: RHB Juan Cabrera 0-0: Fielders Choice at 2nd, 3-6 (Groundball, 34)
Batting: LHB Eduardo Álvarez 0-0: Ball
1-0: Called Strike
1-1: Foul Ball, location: 2F
1-2: Foul Ball, location: 2F
1-2: Fly out, F7 (Flyball, 7LM)
Top of the 8th over - 0 run(s), 0 hit(s), 0 error(s), 1 left on base; Richardson City 3 - Panama City 6
BOTTOM OF THE 8TH
Panama City Piranhas batting - Pitching for Richardson City Thundercats : LHP Armando Gonzáles
Batting: RHB Armando Alvarado 0-0: Ball
1-0: Ball
2-0: Ball
3-0: Called Strike
3-1: Foul Ball, location: 2F
3-2: Foul Ball, location: 2F
3-2: Strikes out swinging
Batting: LHB Sergio Muńóz 0-0: Fly out, F3 (Line Drive, 3)
Batting: SHB Marc Talamante 0-0: Ball
1-0: Ball
2-0: Ball
3-0: Called Strike
3-1: Base on Balls
Batting: RHB Tim Barnes 0-0: Foul Ball, location: 2F
0-1: Fly out, F8 (Line Drive, 8LM)
Bottom of the 8th over - 0 run(s), 0 hit(s), 0 error(s), 1 left on base; Richardson City 3 - Panama City 6
TOP OF THE 9TH
Richardson City Thundercats batting - Pitching for Panama City Piranhas : RHP Luis Flores
Pitching: RHP Tobías Pérez
Batting: LHB Carroll Martin 0-0: Ball
1-0: Foul Ball, location: 2F
1-1: Swinging Strike
1-2: Foul Ball, location: 2F
1-2: Foul Ball, location: 2F
1-2: Ball
2-2: Foul Ball, location: 2F
2-2: Foul Ball, location: 2F
2-2: Foul Ball, location: 2F
2-2: Foul Ball, location: 2F
2-2: Ground out 4-3 (Groundball, 4)
Batting: RHB Alden Wiley 0-0: Ball
1-0: Foul Ball, location: 2F
1-1: Ball
2-1: Ball
3-1: Base on Balls
Batting: RHB Joey Jones 0-0: Fly out, F9 (Flyball, 9D)
Batting: LHB Terrence Eler 0-0: Ground out 4-3 (Groundball, 4S)
Top of the 9th over - 0 run(s), 0 hit(s), 0 error(s), 1 left on base; Richardson City 3 - Panama City 6
Monday, March 20th, 2017 - OOTP Baseball 17.12 Build 75